 Dungeon Crawl Stone Soup version 0.27-a0-1188-g73eefd5def (webtiles) character file.

Game seed: 8484699409291604290

569 robertstho the Skirmisher (level 7, -3/96 HPs)
             Began as a Minotaur Berserker on May 20, 2021.
             Was a Priest of Trog.
             Slain by Duvessa
             ... wielding a +0 rapier
              (16 damage)
             ... on level 6 of the Dungeon.
             The game lasted 00:03:46 (3618 turns).

robertstho the Skirmisher (Minotaur Berserker)      Turns: 3618, Time: 00:03:47

Health: -3/96      AC:  9    Str: 28    XL:     7   Next: 11%
Magic:  6/6        EV: 11    Int:  5    God:    Trog [***...]
Gold:   189        SH:  3    Dex: 10    Spells: 6/6 levels left

rFire    x . .     SeeInvis .   a - +0 hand axe
rCold    + . .     Faith    .   f - +0 buckler
rNeg     . . .     Spirit   .   r - +0 scale mail
rPois    .         Reflect  .   (helmet restricted)
rElec    .         Harm     .   (no cloak)
rCorr    .         Rampage  .   (no gloves)
Will     .....                  l - +1 pair of boots {Fly}
Stlth    ..........             (no amulet)
HPRegen  0.26/turn              h - +6 ring of strength
MPRegen  0.10/turn              i - ring of ice

@: berserking (expiring), flying, very quick
A: horns 2, retaliatory headbutt
a: Renounce Religion, Berserk, Trog's Hand


You were on level 6 of the Dungeon.
You worshipped Trog.
Trog was most pleased with you.
You visited 1 branch of the dungeon, and saw 5 of its levels.

You collected 189 gold pieces.

Inventory:

Hand Weapons
 a - a +0 hand axe (weapon)
Missiles
 g - 2 atropa-tipped darts
Armour
 f - a +0 buckler (worn)
 l - a +1 pair of boots of flying (worn)
 r - a +0 scale mail (worn)
Jewellery
 d - a ring of magical power
 h - a +6 ring of strength (left hand)
 i - a ring of ice (right hand)
Wands
 b - a wand of polymorph (5)
 n - a wand of digging (5)
Scrolls
 c - a scroll of amnesia {unknown}
 e - a scroll of enchant armour {unknown}
 k - a scroll of vulnerability
 m - a scroll of teleportation
Potions
 j - a potion of berserk rage {unknown}
 o - a potion of curing {unknown}
 q - a potion of mutation


   Skills:
 * Level 6.4 Fighting
 + Level 6.2 Axes
 * Level 4.2 Armour
 + Level 4.0 Dodging
 + Level 1.2 Shields


You had 6 spell levels left.
You didn't know any spells.
Your spell library was empty.

Dungeon Overview and Level Annotations

Branches:
Dungeon (4/15)
 Temple: D:4-7

Altars:
Elyvilon
Sif Muna
Zin

Annotations:
D:6 Duvessa


Innate Abilities, Weirdness & Mutations

You have a pair of horns on your head.
You reflexively headbutt those who attack you in melee.


Message History

Duvessa drinks a potion.
Duvessa flickers and vanishes!
Deactivating autopickup; reactivate with Ctrl-A.
Dowan gestures at you while chanting. The puff of flame hits you.
A red film seems to cover your vision as you go berserk!
You feel yourself moving faster!
You feel mighty!
Dowan says, "Stay away from my face!"
You closely miss Dowan. Your headbutt misses Dowan.
Dowan hits you but does no damage.
You hit Dowan. Your headbutt misses Dowan.
Dowan is lightly wounded.
You miss something. You barely miss something. You closely miss something.
Something hits you!
You barely miss something. You hit Dowan. Something hits you.
You slash something! Your headbutt misses something. You slash Dowan!
Dowan barely misses you. Something hits you.
You miss something. You closely miss Dowan. You block Dowan's attack.
You completely miss something. You slash Dowan!
You kill Dowan!
Trog accepts your kill.
Trog appreciates your killing of a magic user.
Something screams in a voice full of rage, "No, no!"
Something hits you! Something hits you.
Your Dodging skill increases to level 4!
You hit something. Something hits you.
You barely miss something. You headbutt something. Something hits you!
You barely miss something. You headbutt something.
Something hits you but does no damage.
You barely miss something. Your headbutt misses something. Something hits you.
You barely miss something. Something hits you but does no damage.
You closely miss something. Your headbutt misses something. Something hits you.
You slash something! You headbutt something!! Something hits you.
You miss something. Something hits you!
* * * LOW HITPOINT WARNING * * *
You hit something. Something hits you!
* * * LOW HITPOINT WARNING * * *
You barely miss something. Your headbutt misses something.
You block something's attack. Something hits you!
You die...

# ###### #.
...#.. #.
.⌠... #..
...#
##.###.######
#..{#...#...#
#.⌠)@.⌠...⌠.#
#...#...#...
##.###.######
#.. #...#...#
#. #.⌠...⌠.#
#. #...#...#
# ######.##
#..# #.##


There were no monsters in sight!

Vanquished Creatures
  A necrophage (D:4)
  Blork the orc (D:4)
  A scorpion (D:4)
  A water moccasin zombie (D:3)
  A water moccasin skeleton (D:4)
  Dowan (D:6)
  An orc priest (D:3)
  A centaur skeleton (D:4)
  Ijyb (D:3)
  3 adders
  3 worms
  5 dart slugs
  6 orcs
  3 bats
  3 endoplasms
  4 giant cockroaches
  3 hobgoblins
  6 jackals
  4 kobolds
  3 quokkas
  7 ball pythons
  5 frilled lizards
  6 goblins
  4 rats
74 creatures vanquished.

Notes
Turn   | Place    | Note
-------+----------+-------------------------------------------
     0 | D:1      | robertstho the Minotaur Berserker began the quest for the
                  | Orb.
     0 | D:1      | Reached XP level 1. HP: 19/19 MP: 0/0
   290 | D:1      | Reached XP level 2. HP: 23/27 MP: 1/1
   931 | D:2      | Found a glowing silver altar of Zin.
   937 | D:2      | Found a faded altar of an unknown god.
  1203 | D:2      | Reached XP level 3. HP: 33/33 MP: 2/2
  1434 | D:2      | Reached ** piety under Trog
  1921 | D:3      | Reached XP level 4. HP: 36/41 MP: 3/3
  2127 | D:3      | Found a white marble altar of Elyvilon.
  2254 | D:3      | Noticed Ijyb
  2258 | D:3      | Killed Ijyb
  2259 | D:3      | Reached skill level 5 in Fighting
  2301 | D:3      | Reached XP level 5. HP: 42/48 MP: 4/4
  2304 | D:3      | Reached skill level 5 in Axes
  2913 | D:4      | Noticed a necrophage
  2926 | D:4      | Killed a necrophage
  2927 | D:4      | Reached skill level 1 in Shields
  2927 | D:4      | Reached XP level 6. HP: 40/56 MP: 5/5
  3093 | D:4      | Noticed Blork the orc
  3104 | D:4      | Killed Blork the orc
  3106 | D:4      | Found a shimmering blue altar of Sif Muna.
  3317 | D:4      | Reached *** piety under Trog
  3420 | D:4      | Reached XP level 7. HP: 63/63 MP: 6/6
  3585 | D:4      | You are sucked into a shaft and drop 2 floors!
  3594 | D:6      | Noticed Dowan
  3595 | D:6      | Noticed Duvessa
  3608 | D:6      | Killed Dowan
  3618 | D:6      | Slain by Duvessa

Illustrated notes

Levels and vault maps discovered:
D:1:      lemuel_arrival_river_ford, layout_loops_ring
D:2:      layout_basic, basic_altar, ebering_ecumenical_altar_box
D:3:      layout_basic, roderic_roman_lattice, serial_park_tiny_2,
          kennysheep_flooded_box, uniq_ijyb
D:4:      layout_basic, tgw_sif, nicolae_overflow_hidden_temple,
          grunt_decor_arrowhead
D:6:      layout_loops_ring, minmay_temple_entry_nine_rooms,
          nicolae_ossuary_entry_catacombs, uniq_duvessa, uniq_maggie, uniq_pikel

Skill      XL: |  1  2  3  4  5  6  7 |
---------------+----------------------+-----
Axes           | 4 5 6 |  6.2
Fighting       | 4 5 6 |  6.4
Armour         | 3 4 |  4.2
Dodging        | 3 4 |  4.0
Shields        | 1 |  1.2

Action                   |  1- 3 |  4- 6 |  7- 9 || total
-------------------------+-------+-------+-------++-------
Melee: Hand axe          |    76 |    65 |    24 ||   165
       Headbutt          |    19 |    13 |     4 ||    36
Invok: Berserk           |     3 |     2 |     1 ||     6
  Use: Scroll            |       |     4 |       ||     4
Armor: Animal skin       |    17 |     3 |       ||    20
       Scale mail        |       |    21 |     5 ||    26
Dodge: Dodged            |    40 |    36 |     2 ||    78
Block: Buckler           |     9 |     4 |     2 ||    15

Table legend: (Time is in decaauts)
 A = Elapsed time spent in this place.
 B = Non-inter-level travel time spent in this place.
 C = Inter-level travel time spent in this place.
 D = Time resting spent in this place.
 E = Time spent auto-exploring this place.
 F = Levels seen in this place.
 G = Mean time per level.
                   A        B        C        D        E       F      G
               +--------+--------+--------+--------+--------+-----+--------+
         Total |   3678 |   3506 |    172 |      0 |   3040 |   5 |  735.6 |
       Dungeon |   3678 |   3506 |    172 |      0 |   3040 |   5 |  735.6 |
               +--------+--------+--------+--------+--------+-----+--------+

Top non-repeatable levels by time:
     D:2: 1048 daAuts
     D:1: 945 daAuts
     D:3: 920 daAuts
     D:4: 736 daAuts
     D:6: 27 daAuts
